 Dungeon Crawl Stone Soup version 0.26-a0-651-gb41185065b (webtiles) character file.

Game seed: 3690162006095554152

118 Azzok the Digger (level 4, -1/30 HPs)
             Began as a Demonspawn Earth Elementalist on Oct 11, 2020.
             Slain by Terence
             ... wielding a +0 falchion
              (5 damage)
             ... on level 2 of the Dungeon.
             The game lasted 00:02:59 (1952 turns).

Azzok the Digger (Demonspawn Earth Elementalist)    Turns: 1952, Time: 00:03:00

Health: -1/30      AC:  3    Str:  8    XL:     4   Next: 72%
Magic:  4/7        EV: 12    Int: 17    God:
Gold:   69         SH:  0    Dex: 14    Spells: 3/7 levels left

rFire    . . .     SeeInvis .   (no weapon)
rCold    . . .     Faith    .   (no shield)
rNeg     . . .     Spirit   .   c - +0 robe
rPois    .         Reflect  .   (no helmet)
rElec    .         Harm     .   (no cloak)
rCorr    .         Rampage  .   (no gloves)
MR       .....                  d - +0 pair of boots
Stlth    ++........             i - amulet of the acrobat
HPRegen  0.10/turn              (no ring)
MPRegen  0.10/turn              (no ring)

@: no status effects
A: demonic guardian 1
a: no special abilities


You were on level 2 of the Dungeon.
You visited 1 branch of the dungeon, and saw 2 of its levels.

You collected 69 gold pieces.

Inventory:

Missiles
 b - 37 stones (quivered)
Armour
 c - a +0 robe (worn)
 d - a +0 pair of boots (worn)
Jewellery
 i - an amulet of the acrobat (around neck)
Scrolls
 f - 2 scrolls of remove curse {unknown}
 l - a scroll of teleportation {unknown}
 m - a scroll of immolation {unknown}
 n - a scroll of identify {unknown}
Potions
 a - 2 potions of heal wounds {unknown}
 e - 4 potions of brilliance {unknown}
 g - 3 potions of haste {unknown}
 h - a potion of magic {unknown}
 j - a potion of mutation {unknown}
 k - a potion of might {unknown}


   Skills:
 - Level 1.7 Dodging
 - Level 1.7 Stealth
 - Level 2.0 Spellcasting
 + Level 1.8 Conjurations
   Level 0.8 Transmutations
 + Level 4.6 Earth Magic


You had 3 spell levels left.
You knew the following spells:

 Your Spells              Type           Power        Failure   Level
a - Sandblast             Erth           ###...       3%          1
b - Stone Arrow           Conj/Erth      ##....       16%         3

Your spell library contained the following spells:

 Spells                   Type           Power        Failure   Level
 Passwall                 Tmut/Erth      ##......     10%         2
 Petrify                  Tmut/Erth      ##......     52%         4
 Lee's Rapid Deconstruct  Erth           ###.......   63%         5


Dungeon Overview and Level Annotations

Branches:
Dungeon (2/15)

Altars:
Ru

Annotations:
D:2 Terence


Innate Abilities, Weirdness & Mutations

A weak demonic guardian rushes to your aid.


Message History

Terence misses you.
You hit Terence but do no damage.
Terence is severely wounded.
Terence barely misses you.
You hit Terence but do no damage.
Terence is severely wounded.
You barely miss Terence.
Terence is severely wounded.
Terence closely misses you.
You barely miss Terence.
Terence is severely wounded.
Terence hits you with a +0 falchion.
* * * LOW HITPOINT WARNING * * *
You hit Terence but do no damage.
Terence is severely wounded.
Terence closely misses you.
You hit Terence but do no damage.
Terence is severely wounded.
Terence hits you with a +0 falchion.
You die...

▒▒▒ ▒▒▒ ▒·· ··▒ ▒·▒
▒·▒▒▒▒▒▒▒
▒▒▒·▒▒▒▒▒▒▒········
··········@·······
▒▒·▒▒▒▒▒▒▒@·▒▒▒▒▒·
▒▒▒▒▒▒···▒·······▒
▒··········▒▒▒▒·▒▒
▒▒·▒▒▒▒···▒·▒ ▒·▒
▒▒·▒ ▒▒·▒▒·▒ ▒·▒
···▒▒▒▒▒·▒▒·▒▒ ▒·▒
▒············▒▒▒·▒
▒▒·▒▒▒▒▒···▒·····▒


You could see Terence.

Vanquished Creatures
  Natasha (twice) (D:2)
  2 adders (D:2)
  A worm (D:2)
  4 giant cockroaches
  5 goblins
  2 hobgoblins
  14 jackals
  7 kobolds
  4 bats
  3 frilled lizards
  3 rats
47 creatures vanquished.

Notes
Turn   | Place    | Note
-------+----------+-------------------------------------------
     0 | D:1      | Azzok the Demonspawn Earth Elementalist began the quest for
                  | the Orb.
     0 | D:1      | Reached XP level 1. HP: 13/13 MP: 3/3
   137 | D:1      | Reached skill level 3 in Earth Magic
   162 | D:1      | Gained mutation: A weak demonic guardian rushes to your
                  | aid. [demonic ancestry]
   162 | D:1      | Reached XP level 2. HP: 9/19 MP: 0/5
  1114 | D:2      | Reached skill level 4 in Earth Magic
  1114 | D:2      | Reached XP level 3. HP: 22/24 MP: 4/6
  1235 | D:2      | Found a sacrificial altar of Ru.
  1392 | D:2      | Learned a level 3 spell: Stone Arrow
  1739 | D:2      | Noticed Natasha
  1743 | D:2      | Killed Natasha
  1743 | D:2      | Reached skill level 1 in Conjurations
  1743 | D:2      | Reached XP level 4. HP: 30/30 MP: 4/7
  1769 | D:2      | Noticed Natasha
  1773 | D:2      | Killed Natasha
  1884 | D:2      | Noticed Terence
  1952 | D:2      | Slain by Terence

Illustrated notes

Levels and vault maps discovered:
D:1:      evilmike_arrival_plus, layout_basic, minmay_pentomino_t4
D:2:      layout_loops_ring, nicolae_ru_awakened_eye,
          chequers_serial_rivers_small_b, grunt_gozag_statues, uniq_natasha,
          uniq_terence

Skill      XL: |  1  2  3 |
---------------+----------+-----
Earth Magic    | 3 4 |  4.6
Conjurations   | 1 |  1.8
Dodging        | |  1.7
Stealth        | |  1.7
Spellcasting   | |  2.0
Transmutations | |  0.8

Action                   |  1- 3 |  4- 6 || total
-------------------------+-------+-------++-------
Melee: Unarmed           |    70 |    36 ||   106
 Cast: Sandblast         |    45 |    17 ||    62
 Stab: Sleeping          |     2 |       ||     2
Armor: Robe              |    29 |     5 ||    34
Dodge: Dodged            |    78 |    24 ||   102

Table legend: (Time is in decaauts)
 A = Elapsed time spent in this place.
 B = Non-inter-level travel time spent in this place.
 C = Inter-level travel time spent in this place.
 D = Time resting spent in this place.
 E = Time spent auto-exploring this place.
 F = Levels seen in this place.
 G = Mean time per level.
                   A        B        C        D        E       F      G
               +--------+--------+--------+--------+--------+-----+--------+
         Total |   1954 |   1945 |      9 |    236 |   1283 |   2 |  977.0 |
       Dungeon |   1954 |   1945 |      9 |    236 |   1283 |   2 |  977.0 |
               +--------+--------+--------+--------+--------+-----+--------+

Top non-repeatable levels by time:
     D:1: 1058 daAuts
     D:2: 896 daAuts
